AoeStats
← istorm

Lombardia

510216995Analyzed
4v4 RM · 22h ago on Sep 30, 2026· 46m 57s· 8 players
Game mode
Random Map
Map size
Large (8 player)
Population
200
Speed
Normal
Resources
Standard
Victory
Conquest
Starting age
Dark Age
Ending age
Imperial Age
RankedLock teamsTeams togetherTeam positionsShared explorationLock speedFull tech treeHidden civsTurbo modeCheats
Victory
Defeat
🇨🇱 Saracens · Chile
1612
+9
🇨🇱 Lithuanians · Chile
1571
+10
🇨🇱 Mongols · Chile
1514
+12
🇨🇱 Danes · Chile
1505
+13
🇺🇸 Magyars · United States
1505
-13
🇦🇷 Shu · Argentina
1495
-13
🇲🇽 Khmer · Mexico
1415
-10
🇲🇽 Tupi · Mexico
1345
-8
:) YO30830
3:24 Loom
11:11 Feudal Age
15:43 Castle Age
14:05 Double-Bit Axe
14:01 Horse Collar
14:41 Stone Mining
28:16 Heavy Plow
32:53 Bloodlines
38:38 Wheelbarrow
37:56 Gold Mining
39:30 Light Cavalry
40:10 Husbandry
42:04 Scale Barding Armor
42:10 Forging
43:13 Chain Barding Armor
47:22 Imperial Age
45:52 Iron Casting
istorm
10:40 Feudal Age
10:27 Loom
14:37 Castle Age
14:34 Double-Bit Axe
15:41 Bow Saw
18:56 Horse Collar
20:00 Town Watch
22:34 Wheelbarrow
24:25 Fletching
25:43 Bodkin Arrow
26:01 Heavy Plow
31:23 Imperial Age
30:07 Thumb Ring
31:37 Padded Archer Armor
31:54 Caravan
32:11 Bracer
32:39 Husbandry
33:57 Chemistry
34:49 Ballistics
35:06 Leather Archer Armor
37:00 Ring Archer Armor
42:06 Bolt Magazine
42:04 Gold Mining
42:05 Stone Mining
43:47 Masonry
45:09 Two-Man Saw
:) Tu tu ruuuu
4:48 Loom
11:17 Feudal Age
12:33 Double-Bit Axe
12:29 Horse Collar
14:15 Wheelbarrow
19:46 Castle Age
17:42 Stone Mining
18:12 Gold Mining
18:16 Fletching
24:54 Ballistics
25:00 Bodkin Arrow
26:42 Bow Saw
32:10 Padded Archer Armor
39:21 Imperial Age
38:44 Hand Cart
39:30 Gold Shaft Mining
40:21 Bracer
41:37 Chemistry
41:34 Curare
44:08 Redemption
43:36 Elite Blackwood Archer
45:28 Elite Ibirapema Warrior
dreams2996
6:54 Loom
9:57 Feudal Age
10:38 Double-Bit Axe
11:03 Horse Collar
17:52 Scale Barding Armor
21:34 Castle Age
21:01 Bloodlines
22:46 Husbandry
30:55 Chain Barding Armor
32:14 Wheelbarrow
31:25 Town Watch
34:08 Gold Mining
34:40 Heavy Plow
37:24 Imperial Age
34:23 Light Cavalry
35:56 Fletching
37:34 Cavalier
38:50 Plate Barding Armor
41:14 Conscription
40:43 Paladin
[CL] FARFANA
5:51 Loom
8:57 Feudal Age
9:36 Double-Bit Axe
11:57 Fletching
21:54 Castle Age
22:23 Padded Archer Armor
22:15 Gold Mining
22:07 Horse Collar
24:02 Bow Saw
25:34 Crossbowman
26:13 Bodkin Arrow
28:18 Wheelbarrow
30:40 Ballistics
30:46 Leather Archer Armor
32:52 Husbandry
33:27 Thumb Ring
34:30 Hand Cart
35:03 Bloodlines
35:51 Heavy Plow
39:53 Imperial Age
39:46 Town Watch
39:56 Onager
40:43 Siege Engineers
41:40 Chemistry
41:44 Parthian Tactics
41:21 Siege Onager
42:29 Bracer
42:56 Conscription
43:50 Leather Archer Armor
43:27 Heavy Cavalry Archer
46:29 Counterweights
46:26 Caravan
[CL]DarkLoki
6:06 Loom
10:14 Feudal Age
12:03 Horse Collar
13:44 Double-Bit Axe
18:45 Castle Age
20:01 Scale Barding Armor
20:18 Bow Saw
23:04 Wheelbarrow
22:17 Town Watch
24:18 Gold Mining
24:19 Stone Mining
26:01 Hand Cart
27:37 Forging
29:08 Stone Shaft Mining
29:00 Bloodlines
28:50 Husbandry
31:51 Chain Barding Armor
32:07 Iron Casting
35:46 Imperial Age
34:43 Hill Forts
36:01 Heavy Plow
36:54 Conscription
35:58 Elite Leitis
37:16 Hoardings
37:34 Plate Barding Armor
40:44 Crop Rotation
42:55 Two-Man Saw
42:09 Scale Mail Armor
[CL] ßitokø × 1876
6:17 Loom
8:55 Feudal Age
9:34 Double-Bit Axe
15:56 Forging
17:22 Horse Collar
21:16 Castle Age
20:24 Gold Mining
20:25 Stone Mining
22:34 Bow Saw
22:25 Heavy Plow
25:00 Wheelbarrow
26:08 Hand Cart
30:25 Town Watch
31:05 Ballistics
30:50 Siphons
35:03 Imperial Age
32:33 Fletching
32:43 Padded Archer Armor
33:08 Masonry
33:50 Bodkin Arrow
34:25 Leather Archer Armor
34:31 Bloodlines
34:21 Husbandry
35:35 Thumb Ring
35:47 Bracer
36:49 Chemistry
36:59 Parthian Tactics
36:45 Scale Barding Armor
37:16 Iron Casting
36:52 Elite Mangudai
37:42 Scale Mail Armor
39:19 Chain Barding Armor
39:20 Light Cavalry
41:02 Blast Furnace
40:43 Hussar
43:53 Gold Shaft Mining
43:53 Stone Shaft Mining
46:08 Conscription
45:50 Nomads
46:12 Drill
46:28 Hoardings
45:55 Atonement
46:05 Fervor
45:56 Devotion
47:06 Chain Mail Armor
[CL] TheCobra
9:07 Loom
11:49 Feudal Age
15:18 Castle Age
13:18 Double-Bit Axe
13:14 Horse Collar
15:21 Stone Mining
17:05 Bow Saw
16:56 Heavy Plow
17:12 Gold Mining
18:03 Scale Mail Armor
20:08 Chain Mail Armor
22:43 Forging
23:48 Squires
23:52 Arson
35:47 Imperial Age
34:11 Iron Casting
34:25 Ballistics
34:19 Fletching
36:16 Wheelbarrow
35:26 Town Watch
37:12 Conscription
37:07 Onager
38:51 Plate Mail Armor
38:27 Hamask
39:56 Hoardings
41:35 Chemistry
41:44 Northmen's Fury
43:05 Siege Engineers
42:30 Siege Onager
44:58 Masonry
44:44 Murder Holes
46:03 Elite Jomsviking
Connection lost

Rejoining the realm…

Still unreachable

The connection could not be restored.

Session expired

The server has moved on; the page needs a fresh start.